Map: Temple of the Past

Players

wasp

  • Race: Protoss Protoss

larsgj

  • Race: Protoss Protoss

VOD

Have the link to the VOD?

Description

Time

  • Played on: July 11, 2022, 7:02 a.m.
  • Length: 23:11
Show
View Real Time Build Order
Export as new Build Order

wasp Protoss 

Build Orders:  

Get SALT Encoding   

  1  0:00  Probe x12 (Chrono Boost)  
    0:13  Unknown x2  
  12  0:39  Pylon  
  12  0:48  Pylon  
  12  1:03  Pylon  
  12  1:21  Pylon  
  12  1:34  Pylon  
  12  1:59  Assimilator  
  12  2:07  Assimilator  
  12  2:38  Probe (Chrono Boost)  
  13  2:51  Probe (Chrono Boost)  
  13  2:52  Pylon  
  13  2:58  Pylon  
  14  3:05  Probe (Chrono Boost)  
  15  3:19  Probe (Chrono Boost)  
  16  3:21  Forge  
  16  3:32  Probe (Chrono Boost)  
  17  3:46  Probe (Chrono Boost)  
  25  4:00  Probe (Chrono Boost)  
  19  4:13  Probe (Chrono Boost)  
  20  5:02  Photon Cannon  
  20  5:04  Photon Cannon  
  20  5:09  Photon Cannon  
  20  5:17  Photon Cannon  
  20  5:21  Photon Cannon  
  20  5:26  Photon Cannon  
  20  5:30  Photon Cannon  
  20  5:40  Probe (Chrono Boost)  
  21  5:54  Probe (Chrono Boost)  
  22  6:07  Probe (Chrono Boost)  
  23  6:13  Photon Cannon  
  23  6:21  Probe (Chrono Boost)  
  23  6:22  Photon Cannon  
  24  6:35  Probe (Chrono Boost)  
  24  6:36  Photon Cannon  
  25  6:48  Probe (Chrono Boost)  
  26  7:57  Nexus  
  26  10:14  Photon Cannon  
  26  10:18  Photon Cannon  
  26  10:22  Photon Cannon  
  26  10:34  Photon Cannon  
  26  11:05  Photon Cannon  
  26  11:09  Photon Cannon  
  26  11:12  Photon Cannon  
  26  11:19  Photon Cannon  
  26  11:23  Photon Cannon  
  26  11:28  Photon Cannon  
  26  12:04  Photon Cannon  
  26  12:09  Photon Cannon  
  26  12:12  Photon Cannon  
  26  12:21  Photon Cannon  
  26  12:27  Photon Cannon  
  26  12:32  Photon Cannon  
  26  12:37  Photon Cannon  
  25  13:02  Pylon  
  25  13:09  Pylon  
  22  14:30  Nexus  
  22  14:37  Assimilator  
  19  14:43  Assimilator  
  1  16:33  Probe (Chrono Boost)  
  2  16:47  Probe (Chrono Boost)  
  3  17:00  Probe (Chrono Boost)  
  4  17:14  Probe (Chrono Boost)  
  5  17:27  Probe (Chrono Boost), Gateway  
  6  17:33  Pylon  
  6  17:41  Probe (Chrono Boost)  
  7  17:55  Probe (Chrono Boost)  
  8  19:17  Zealot  
  8  19:18  Zealot  
  11  19:57  Zealot  
Show
View Real Time Build Order
Export as new Build Order

larsgj Protoss 

Build Orders:  

Get SALT Encoding   

  1  0:00  Probe x12 (Chrono Boost)  
    0:13  Unknown x5  
  12  0:21  Probe (Chrono Boost)  
  13  0:51  Probe (Chrono Boost)  
  14  1:24  Pylon  
  14  1:27  Pylon  
  14  1:28  Probe (Chrono Boost)  
  15  1:59  Forge  
  15  2:13  Assimilator x2  
  15  2:32  Pylon  
  15  2:38  Pylon  
  15  3:09  Pylon  
  15  3:17  Pylon  
  15  3:50  Photon Cannon  
  15  3:54  Photon Cannon  
  15  3:58  Photon Cannon  
  15  4:00  Photon Cannon  
  15  4:10  Probe (Chrono Boost)  
  16  4:24  Probe (Chrono Boost)  
  17  4:51  Photon Cannon  
  17  5:11  Photon Cannon  
  17  5:41  Photon Cannon  
  17  6:22  Photon Cannon  
  17  6:26  Photon Cannon  
  17  6:39  Photon Cannon  
  17  7:05  Protoss Ground Weapons Level 1  
  17  7:13  Probe (Chrono Boost)  
  18  8:13  Gateway  
  18  9:43  Probe (Chrono Boost)  
  18  9:45  Protoss Ground Armor Level 1  
  19  9:57  Probe (Chrono Boost), Pylon  
  20  10:03  Pylon  
  20  10:11  Probe (Chrono Boost)  
  21  10:25  Probe (Chrono Boost)  
  22  10:30  Photon Cannon  
  22  10:31  Photon Cannon  
  22  10:32  Photon Cannon  
  22  10:37  Photon Cannon  
  22  10:47  Photon Cannon  
  21  11:32  Photon Cannon  
  21  11:35  Photon Cannon x2  
  21  11:50  Pylon  
  21  12:07  Pylon  
  21  12:11  Pylon  
  21  12:25  Protoss Shields Level 1  
  21  12:28  Photon Cannon  
  21  13:12  Photon Cannon  
  21  13:16  Photon Cannon  
  21  13:27  Photon Cannon  
  21  13:53  Photon Cannon  
  20  14:51  Nexus  
  20  14:57  Probe (Chrono Boost)  
  21  15:11  Probe (Chrono Boost)  
  22  15:25  Probe (Chrono Boost)  
  23  15:38  Probe (Chrono Boost)  
  24  16:02  Legionnaire  
  27  16:32  Legionnaire  
  30  17:02  Legionnaire  
  33  18:30  Assimilator  
  33  18:31  Probe (Chrono Boost)  
  34  18:45  Probe (Chrono Boost)  
  34  18:46  Probe (Chrono Boost)  
  36  18:55  Legionnaire  
  36  18:59  Probe (Chrono Boost)  
  34  19:00  Probe (Chrono Boost)  
  35  19:13  Probe (Chrono Boost)  
  35  19:14  Probe (Chrono Boost)  
  37  19:25  Legionnaire  
  37  19:27  Probe (Chrono Boost)  
  37  19:28  Probe (Chrono Boost)  
  42  19:38  Assimilator  
  42  19:41  Probe x2 (Chrono Boost)  
  44  19:54  Probe (Chrono Boost)  
  44  19:55  Legionnaire  
  45  20:08  Probe (Chrono Boost)  
  46  20:22  Probe (Chrono Boost)  
  46  20:25  Legionnaire  
  50  20:36  Probe (Chrono Boost)  
  51  20:41  Photon Cannon  
  51  20:50  Probe (Chrono Boost)  
  51  20:51  Pylon  
  51  20:54  Legionnaire  
  51  20:58  Photon Cannon  
  55  21:01  Photon Cannon  
  55  21:04  Probe (Chrono Boost)  
  55  21:08  Photon Cannon  
  56  21:15  Pylon  
  56  21:18  Probe (Chrono Boost)  
  57  21:21  Photon Cannon  
  57  21:25  Photon Cannon  
  57  21:28  Photon Cannon  
  57  21:33  Pylon  
  57  21:39  Photon Cannon  
  57  21:47  Photon Cannon  
  57  21:56  Photon Cannon  
  57  21:59  Photon Cannon  
  44  22:33  Photon Cannon  
  44  22:40  Photon Cannon x2  
Tags
 
Add a new tag
Caveats
  • Supply blocks, unpowered buildings, or Contaminate may cause inaccurate times.
  • Supply counts are checked every 10 seconds.